[Event "Titled Tuesday Blitz January 03 Early 2023"]
[White "Nakamura, Hikaru"]
[Black "Carlsen, Magnus"]
[WhiteFideId "2016192"]
[BlackFideId "1503014"]
[WhiteElo "2775"]
[BlackElo "2853"]
[Result "1-0"]
[Round "11"]
[TimeControl "180+2"]
[Date "2023.01.03"]
[WhiteClock "0:00:02"]
[BlackClock "0:00:01"]

1. a3 g6 2. e4 c5 3. Bc4 Bg7 4. Nc3 Nc6 5. Nge2 e6 6. d3 Nge7 7. h4 h5 8. Bg5 d6 9. Qd2 Qd7 10. Ba2 b6 11. O-O-O Bb7 12. Kb1 O-O-O 13. Qf4 f6 14. Bxf6 Rhf8 15. Bxg7 Rxf4 16. Nxf4 d5 17. Bf6 Rf8 18. Bg5 Nd4 19. f3 b5 20. Bxe7 Qxe7 21. Nxg6 Qg7 22. Nxf8 Qxf8 23. Rhe1 Qg8 24. exd5 Qxg2 25. dxe6 Qxc2+ 26. Ka1 Bc6 27. e7 Be8 28. Ne4 Qh2 29. Rh1 Qe5 30. Rc1 c4 31. dxc4 b4 32. axb4 Qxe7 33. c5 Ba4 34. Rhg1 Nc2+ 35. Kb1 Nxb4 36. Nd6+ Kd7 37. Rc4 Qe3 38. c6+ Bxc6 39. Rd1 Qe2 40. Rcc1 Nd3 41. Nc4 Kc7 42. Rd2 Qxf3 43. Rcd1 Be4 44. Ka1 Qf4 45. Bb1 Nc5 46. Ba2 Bc6 47. Rc1 Bb5 48. Rc3 1-0


[Site "https://www.chess.com"]

[Event "Titled Tuesday Blitz January 03 Early 2023"]
[White "Shimanov, Aleksandr"]
[Black "Fedoseev, Vladimir"]
[WhiteFideId "4198603"]
[BlackFideId "24130737"]
[WhiteElo "2581"]
[BlackElo "2680"]
[Result "1-0"]
[Round "11"]
[TimeControl "180+2"]
[Date "2023.01.03"]
[WhiteClock "0:00:14"]
[BlackClock "0:00:04"]

1. e4 e6 2. d4 d5 3. Nc3 Nf6 4. Bg5 Bb4 5. e5 h6 6. Bd2 Bxc3 7. Bxc3 Ne4 8. Bd2 c5 9. Be3 cxd4 10. Bxd4 Nc6 11. f3 Ng5 12. h4 Nh7 13. c3 Bd7 14. Bd3 O-O 15. f4 Nxd4 16. cxd4 Bb5 17. Bxb5 Qa5+ 18. Qd2 Qxb5 19. Rh3 Rfc8 20. Ne2 Rc4 21. Rc3 Nf8 22. Rac1 Ng6 23. h5 Ne7 24. b3 Rxc3 25. Rxc3 Qb6 26. g4 Rf8 27. Qe3 f6 28. exf6 Rxf6 29. Kd2 Qa5 30. Nc1 Nc6 31. Kc2 Qb4 32. Ne2 Qd6 33. Kb2 Rf7 34. Rc1 a5 35. a4 Kh8 36. Qd3 Qd8 37. Qe3 Qf6 38. Kb1 Re7 39. Rg1 Qf7 40. Qd3 Rc7 41. Rc1 Kg8 42. Kb2 Qf6 43. Qe3 Rf7 44. Kb1 Kf8 45. Kb2 Ke8 46. Qc3 Kd7 47. Qc5 1-0


[Site "https://www.chess.com"]

[Event "Titled Tuesday Blitz January 03 Early 2023"]
[White "Dardha, Daniel"]
[Black "Martinez Alcantara, Jose Eduardo"]
[WhiteFideId "240990"]
[BlackFideId "3805662"]
[WhiteElo "2631"]
[BlackElo "2619"]
[Result "1/2-1/2"]
[Round "11"]
[TimeControl "180+2"]
[Date "2023.01.03"]
[WhiteClock "0:00:09"]
[BlackClock "0:00:03"]

1. d4 Nf6 2. Bg5 e6 3. Nd2 h6 4. Bxf6 Qxf6 5. Ngf3 d6 6. e4 g6 7. Bd3 Bg7 8. O-O Nd7 9. c3 O-O 10. a4 e5 11. Nc4 Qe7 12. Ne3 c6 13. a5 Nf6 14. Re1 Rb8 15. h3 Re8 16. Qc2 Qc7 17. b4 Nh5 18. d5 Nf4 19. Bc4 Bd7 20. Bb3 c5 21. Ba4 Rec8 22. Bxd7 Qxd7 23. bxc5 Rxc5 24. c4 Qc7 25. Qa4 b6 26. axb6 axb6 27. Rab1 Ra5 28. Qc6 Qd8 29. g3 Nd3 30. Re2 h5 31. Rd2 Nc5 32. Rdb2 Ra6 33. Qb5 Ra3 34. Qb4 Ra7 35. Qb5 Nxe4 36. Qc6 Rc7 37. Qa4 Nc3 38. Qb3 Nxb1 39. Rxb1 Bh6 40. h4 Bxe3 41. Qxe3 Rxc4 42. Ng5 Kg7 43. Ra1 Rc7 44. Ra6 Rcb7 45. Ra3 b5 46. Rb3 b4 47. Qf3 Qf6 48. Qe4 Qf5 49. Qc4 Qg4 50. Qc6 Qd1+ 51. Kg2 Qxb3 52. Qxd6 Re8 53. Ne4 Qc4 54. Qf6+ Kg8 55. Nd6 Qxd5+ 56. Kh2 Rbe7 57. Nf5 gxf5 58. Qg5+ Kh8 59. Qh6+ Kg8 60. Qg5+ Kh7 61. Qxh5+ Kg7 62. Qg5+ Kf8 63. Qh6+ Kg8 64. Qg5+ Kh7 65. Qh5+ Kg7 66. Qg5+ Kh7 67. Qh5+ 1/2-1/2


[Site "https://www.chess.com"]

[Event "Titled Tuesday Blitz January 03 Early 2023"]
[White "Lenderman, Aleksandr"]
[Black "Bortnyk, Olexandr"]
[WhiteFideId "2021285"]
[BlackFideId "14120828"]
[WhiteElo "2572"]
[BlackElo "2605"]
[Result "0-1"]
[Round "11"]
[TimeControl "180+2"]
[Date "2023.01.03"]
[WhiteClock "0:00:35"]
[BlackClock "0:00:27"]

1. d4 d6 2. Nf3 Nf6 3. c4 g6 4. Nc3 Bf5 5. e3 Bg7 6. Bd3 Bxd3 7. Qxd3 O-O 8. O-O Nbd7 9. b3 c6 10. Bb2 Re8 11. Rad1 Qa5 12. Qc2 Rad8 13. a3 Qh5 14. Nd2 d5 15. cxd5 cxd5 16. Nf3 Rc8 17. Qd3 Qf5 18. Qxf5 gxf5 19. Ne1 e6 20. Nd3 Ne4 21. Na2 a5 22. f3 Nd6 23. Rc1 Bh6 24. Kf2 a4 25. Nc5 axb3 26. Nxd7 bxa2 27. Nf6+ Kg7 28. Nxe8+ Rxe8 29. Ra1 Nc4 30. Bc1 Ra8 31. Rxa2 b5 32. Re2 Kg6 33. Rfe1 Ra4 34. h4 Bf8 35. e4 fxe4 36. fxe4 dxe4 37. Rxe4 Bxa3 38. Rg4+ Kf6 39. Bg5+ Kf5 40. Kg3 Bd6+ 41. Kh3 Ra3+ 42. g3 h5 43. Rf1+ Kg6 44. Rf6+ Kg7 45. Rgf4 Bxf4 46. Rxf4 Rd3 47. Be7 f5 48. Kg2 Ne3+ 49. Kf2 Nd5 0-1


[Site "https://www.chess.com"]

[Event "Titled Tuesday Blitz January 03 Early 2023"]
[White "Grigoriants, Sergey"]
[Black "Sarana, Alexey"]
[WhiteFideId "4130804"]
[BlackFideId "24133795"]
[WhiteElo "2562"]
[BlackElo "2685"]
[Result "1-0"]
[Round "11"]
[TimeControl "180+2"]
[Date "2023.01.03"]
[WhiteClock "0:00:43"]
[BlackClock "0:00:01"]

1. c4 e6 2. Nc3 d5 3. d4 Nf6 4. cxd5 exd5 5. Bg5 c6 6. e3 Bf5 7. Qf3 Bg6 8. Bxf6 Qxf6 9. Qxf6 gxf6 10. Nf3 Nd7 11. Nh4 Be7 12. g3 f5 13. Ng2 a5 14. Nf4 Bd6 15. Kd2 Ke7 16. Bd3 a4 17. f3 Ra5 18. Rhe1 Kf6 19. Re2 Rha8 20. Rae1 Nf8 21. Nxg6 hxg6 22. e4 fxe4 23. fxe4 Bb4 24. Rf1+ Kg7 25. Ref2 a3 26. Rxf7+ Kg8 27. b3 c5 28. Kc2 Bxc3 29. Kxc3 cxd4+ 30. Kxd4 Ne6+ 31. Ke3 d4+ 32. Kd2 Nc5 33. Bc4 Kh8 34. Re7 Rd8 35. Rff7 Nxe4+ 36. Rxe4 Rh5 37. h4 b5 38. Bd3 g5 39. Re5 Kg8 40. Rb7 Rf8 41. Rxg5+ Rxg5 42. hxg5 Rf2+ 43. Be2 Rg2 44. Rxb5 Rxg3 45. Ra5 Kg7 46. Rxa3 Rxg5 47. Ra4 Rd5 48. Kd3 Kf6 49. Rxd4 Rg5 50. Bf3 Ke6 51. a4 Rg1 52. a5 Ra1 53. Ra4 Rf1 54. Ke2 Rb1 55. a6 Rb2+ 56. Ke3 Rxb3+ 57. Kf4 Kd6 58. a7 1-0


[Site "https://www.chess.com"]

[Event "Titled Tuesday Blitz January 03 Early 2023"]
[White "Xiong, Jeffery"]
[Black "Terry, Renato"]
[WhiteFideId "2047640"]
[BlackFideId "3803457"]
[WhiteElo "2692"]
[BlackElo "2520"]
[Result "1/2-1/2"]
[Round "11"]
[TimeControl "180+2"]
[Date "2023.01.03"]
[WhiteClock "0:00:06"]
[BlackClock "0:00:04"]

1. c4 e5 2. Nc3 Nc6 3. Nf3 f5 4. d4 e4 5. Ne5 Nf6 6. Bf4 Nh5 7. e3 Nxf4 8. exf4 g6 9. c5 d6 10. Nxc6 bxc6 11. d5 dxc5 12. dxc6 Qxd1+ 13. Rxd1 Bd6 14. g3 Be6 15. Ba6 Rb8 16. Bb7 c4 17. f3 exf3 18. Kf2 Kf7 19. Rhe1 Bc8 20. Nb5 Bxb7 21. cxb7 Rxb7 22. Rxd6 Rxb5 23. Rd7+ Kf6 24. Rxc7 Rxb2+ 25. Kxf3 Rd8 26. Rc6+ Kg7 27. Rxc4 Rd3+ 28. Re3 Rxe3+ 29. Kxe3 Rxa2 30. Rc7+ Kh6 31. h3 Ra3+ 32. Kf2 a5 33. Ra7 a4 34. Kg2 Ra1 35. g4 fxg4 36. hxg4 a3 37. Kg3 Rg1+ 38. Kh4 Rh1+ 39. Kg3 Rg1+ 40. Kf3 Rf1+ 41. Ke3 Ra1 42. Kf3 g5 43. f5 Rf1+ 44. Kg2 Ra1 45. Kf2 Ra2+ 46. Kg3 Ra1 47. Kg2 Ra2+ 48. Kf3 Ra1 49. Kf2 Ra2+ 50. Ke3 Rh2 51. Kf3 a2 52. Kg3 Rb2 53. Kh3 Rb3+ 54. Kg2 Rb2+ 55. Kg3 Rc2 56. Kf3 Rc3+ 57. Kf2 Rc4 58. Kg3 Rc2 59. Kh3 Rb2 60. Kg3 Rd2 61. Kf3 Rd3+ 62. Kf2 Rd4 63. Kg3 Rd2 64. Ra6+ Kg7 65. Kf3 Rb2 66. Kg3 Kf7 67. Kf3 Ke7 68. Kg3 Kd7 69. Kf3 Kc7 70. f6 Kd7 71. Kg3 Ke8 72. Ra7 h6 73. Kf3 Kf8 74. Kg3 Rc2 75. Kf3 Rd2 76. Kg3 Rb2 77. Kf3 Kg8 78. Kg3 Rc2 79. Kf3 Rc3+ 80. Kg2 Rc2+ 81. Kg3 Rb2 82. Kf3 Rc2 83. Ke4 Rc5 84. Rxa2 Kf7 85. Ra6 Kg6 86. Rd6 Ra5 87. Kf3 Kf7 88. Rd7+ Kxf6 89. Rd6+ Kg7 90. Rd7+ Kf8 91. Rd6 Ra3+ 92. Kg2 Ra4 93. Rxh6 Rxg4+ 94. Kf3 Rf4+ 95. Kg3 Ra4 96. Rg6 g4 97. Rxg4 Rxg4+ 98. Kxg4 1/2-1/2


[Site "https://www.chess.com"]

[Event "Titled Tuesday Blitz January 03 Early 2023"]
[White "Narayanan.S.L"]
[Black "Naroditsky, Daniel"]
[WhiteFideId "5058422"]
[BlackFideId "2026961"]
[WhiteElo "2660"]
[BlackElo "2618"]
[Result "1-0"]
[Round "11"]
[TimeControl "180+2"]
[Date "2023.01.03"]
[WhiteClock "0:02:08"]
[BlackClock "0:01:20"]

1. d4 Nf6 2. Nf3 g6 3. Bf4 Bg7 4. e3 O-O 5. h3 d6 6. Be2 Nfd7 7. O-O e5 8. Bh2 Nc6 9. c4 f5 10. Nc3 e4 11. Nd2 Nf6 12. a3 g5 13. b4 Ne7 14. c5 d5 15. f3 exf3 16. Nxf3 g4 17. Ne5 gxh3 18. gxh3 Ng6 19. Bd3 Ne4 20. Bxe4 fxe4 21. Rxf8+ Nxf8 22. Qh5 Be6 23. Rf1 Qe8 24. Qh4 Ng6 25. Nxg6 Qxg6+ 26. Kh1 Kh8 27. Bxc7 Rg8 28. Ne2 Bxd4 29. Nf4 1-0


[Site "https://www.chess.com"]

[Event "Titled Tuesday Blitz January 03 Early 2023"]
[White "Zemlyanskii, Ivan"]
[Black "Paravyan, David"]
[WhiteFideId "24249971"]
[BlackFideId "4194985"]
[WhiteElo "2300"]
[BlackElo "2601"]
[Result "0-1"]
[Round "11"]
[TimeControl "180+2"]
[Date "2023.01.03"]
[WhiteClock "0:00:03"]
[BlackClock "0:01:58"]

1. d4 Nf6 2. c4 g6 3. h4 c6 4. Nc3 d5 5. cxd5 cxd5 6. Bf4 Nc6 7. e3 Bg7 8. Be2 O-O 9. h5 Re8 10. h6 Bf8 11. Nf3 Bg4 12. Ne5 Bxe2 13. Qxe2 Nd7 14. Nd3 e6 15. O-O-O Qa5 16. Kb1 Rac8 17. Rc1 Qa6 18. Rhd1 Nb4 19. Nxb4 Qxe2 20. Nxe2 Bxb4 21. Rxc8 Rxc8 22. Rc1 Rxc1+ 23. Nxc1 f6 24. f3 Kf7 25. Ne2 g5 26. Bg3 Kg6 27. a3 Bf8 28. e4 f5 29. exd5 exd5 30. Bc7 Bxh6 31. Nc3 Bg7 32. Nxd5 Bxd4 33. Kc2 Kf7 34. Bd8 h6 35. Ba5 Be5 36. Bd2 Ke6 37. Nb4 a6 38. Nd3 Bd6 39. b4 Ne5 40. Nxe5 Bxe5 41. Kd3 Kd5 42. a4 b5 43. axb5 axb5 44. Bc1 Bd6 45. Bd2 f4 46. Bc3 Bf8 47. Bf6 Bxb4 48. Bg7 h5 49. Bf6 g4 50. Bg5 Bd6 51. fxg4 hxg4 52. Bf6 b4 53. Bb2 Be5 54. Bc1 b3 0-1


[Site "https://www.chess.com"]

[Event "Titled Tuesday Blitz January 03 Early 2023"]
[White "Vokhidov, Shamsiddin"]
[Black "Narayanan, Srinath"]
[WhiteFideId "14204223"]
[BlackFideId "5018420"]
[WhiteElo "2586"]
[BlackElo "2559"]
[Result "1-0"]
[Round "11"]
[TimeControl "180+2"]
[Date "2023.01.03"]
[WhiteClock "0:01:11"]
[BlackClock "0:01:51"]

1. e4 c6 2. Nc3 d5 3. Nf3 dxe4 4. Nxe4 Nf6 5. Qe2 Nxe4 6. Qxe4 Nd7 7. Bc4 Nf6 8. Ne5 e6 9. Qe2 b5 10. Bd3 Qc7 11. a4 Bd6 12. Nxc6 b4 13. Nd4 a6 14. Nf5 O-O 15. Nxd6 Qxd6 16. b3 Bb7 17. Bb2 Nd5 18. Qe5 Qxe5+ 19. Bxe5 f6 20. Bg3 Rac8 21. O-O e5 22. f3 a5 23. Rfe1 Rfd8 24. Bc4 Kf8 25. Bf2 Rd7 26. Rad1 Bc6 27. Bc5+ Kf7 28. d4 exd4 29. Rxd4 Kg6 30. Red1 Rcd8 31. Bxd5 Rxd5 32. Rxd5 Rxd5 33. Rxd5 Bxd5 34. Kf2 Be6 35. Ke3 Bf5 36. Kd2 h5 37. Bb6 h4 38. Bxa5 h3 39. gxh3 Kh5 40. Bxb4 Kh4 41. Bf8 g6 42. Be7 Kxh3 43. Bxf6 Kxh2 44. f4 Kg3 45. Be5 Kf3 46. c4 Ke4 47. Bb8 Kd4 48. Bc7 Bc8 49. a5 Bb7 50. Bb6+ Ke4 51. Be3 Ba6 52. Ke2 Bb7 53. Bc1 Kd4 54. Kd2 Ba6 55. Ba3 Ke4 56. Kc3 Kxf4 57. b4 Ke4 58. b5 Bc8 59. a6 g5 60. Bd6 g4 61. Bh2 Ke3 62. c5 Ke4 63. c6 1-0


[Site "https://www.chess.com"]

[Event "Titled Tuesday Blitz January 03 Early 2023"]
[White "Xu, Yi"]
[Black "Svane, Rasmus"]
[WhiteFideId "8605564"]
[BlackFideId "4657101"]
[WhiteElo "2527"]
[BlackElo "2623"]
[Result "1-0"]
[Round "11"]
[TimeControl "180+2"]
[Date "2023.01.03"]
[WhiteClock "0:00:23"]
[BlackClock "0:00:01"]

1. e4 c6 2. d4 d5 3. e5 Bf5 4. h4 h5 5. Bd3 Bxd3 6. Qxd3 Qa5+ 7. Nd2 e6 8. Ne2 Qa6 9. c4 Nh6 10. O-O Nf5 11. b3 Be7 12. Nf3 Nxh4 13. Nxh4 Bxh4 14. a4 Nd7 15. Ba3 Be7 16. Bxe7 Kxe7 17. Qg3 dxc4 18. Nc3 cxb3 19. Ne4 Qe2 20. Rfe1 Qg4 21. Qxb3 b6 22. Qa3+ Kd8 23. Rac1 h4 24. Rxc6 h3 25. g3 h2+ 26. Kh1 Rc8 27. Rxc8+ Kxc8 28. Nd6+ Kb8 29. Nxf7 Rh5 30. Qd6+ Ka8 31. Qc6+ Kb8 32. Rc1 Rh8 33. Nxh8 Nc5 1-0


[Site "https://www.chess.com"]

[Event "Titled Tuesday Blitz January 03 Early 2023"]
[White "Puranik, Abhimanyu"]
[Black "Zhigalko, Sergei"]
[WhiteFideId "5061245"]
[BlackFideId "13502956"]
[WhiteElo "2613"]
[BlackElo "2572"]
[Result "1-0"]
[Round "11"]
[TimeControl "180+2"]
[Date "2023.01.03"]
[WhiteClock "0:00:13"]
[BlackClock "0:00:04"]

1. Nf3 d5 2. c4 d4 3. b4 Bg4 4. d3 Bxf3 5. gxf3 e5 6. Qa4+ Nd7 7. Bg2 a5 8. b5 Nc5 9. Qc2 Bd6 10. Nd2 Nf6 11. Ne4 Nfd7 12. f4 O-O 13. h4 Nxe4 14. Bxe4 exf4 15. Bxb7 Rb8 16. Bd5 Qe7 17. Bb2 Qe5 18. O-O-O Rfe8 19. Bc6 Rbd8 20. Rde1 Bb4 21. Reg1 h6 22. Rg4 Qxe2 23. Qxe2 Rxe2 24. Bxd4 Ne5 25. Bxe5 Rxe5 26. Bd5 Re2 27. Rxf4 Rxa2 28. Kb1 Ra3 29. Rg1 Kh8 30. Rxf7 Bc3 31. Kc2 Be5 32. Re1 Ra2+ 33. Kb3 Rb2+ 34. Ka3 Bc3 35. Re3 Rd2 36. h5 Bb4+ 37. Kb3 Bc5 38. Ref3 Bd4 39. Rf8+ Rxf8 40. Rxf8+ Kh7 41. Bg8+ Kh8 42. Bf7+ Kh7 43. Bg6# 1-0


[Site "https://www.chess.com"]

[Event "Titled Tuesday Blitz January 03 Early 2023"]
[White "Madaminov, Mukhiddin"]
[Black "Timofeev, Artyom"]
[WhiteFideId "14210703"]
[BlackFideId "4140419"]
[WhiteElo "2422"]
[BlackElo "2567"]
[Result "1/2-1/2"]
[Round "11"]
[TimeControl "180+2"]
[Date "2023.01.03"]
[WhiteClock "0:00:36"]
[BlackClock "0:00:33"]

1. d4 d5 2. Nc3 Nf6 3. Bf4 e6 4. Nb5 Na6 5. e3 Be7 6. Be2 O-O 7. Nf3 c6 8. Nc3 Nc7 9. Ne5 Nce8 10. O-O Nd6 11. Bd3 Bd7 12. Ne2 b5 13. a3 Nc4 14. Qc1 c5 15. c3 Rc8 16. dxc5 Bxc5 17. Nd4 a6 18. Rd1 Qe7 19. Qc2 h6 20. Qe2 Nxe5 21. Bxe5 Bd6 22. Nf3 Rfd8 23. a4 bxa4 24. Bxa6 Rb8 25. Rd4 Be8 26. Bd3 Rb6 27. Bc2 Rdb8 28. Ra2 Bxe5 29. Nxe5 a3 30. bxa3 Qc7 31. Nd3 Qxc3 32. Rb4 Bb5 33. Qe1 Qxe1+ 34. Nxe1 Bc4 35. Rab2 Rxb4 36. Rxb4 Ra8 37. a4 Nd7 38. Nd3 Ra7 39. Ne5 Kf8 40. Nxc4 dxc4 41. Rxc4 Rb7 42. g3 Rb2 43. Be4 Ra2 44. Bc6 Ne5 45. Rc5 Nxc6 46. Rxc6 Rxa4 47. Kg2 Kg8 48. h4 h5 49. Kf3 g6 50. e4 Kg7 51. Kf4 Ra5 52. Rc3 Rb5 53. e5 Ra5 54. Rc4 Rb5 55. Re4 Ra5 56. f3 Ra1 57. g4 hxg4 58. fxg4 Rf1+ 59. Kg3 Rh1 60. Rd4 Re1 61. Kf4 Rf1+ 62. Kg3 Re1 63. Kf4 Rh1 64. Kg3 Re1 1/2-1/2


[Site "https://www.chess.com"]

[Event "Titled Tuesday Blitz January 03 Early 2023"]
[White "Bacrot, Etienne"]
[Black "Deac, Bogdan-Daniel"]
[WhiteFideId "605506"]
[BlackFideId "1226380"]
[WhiteElo "2667"]
[BlackElo "2700"]
[Result "1/2-1/2"]
[Round "11"]
[TimeControl "180+2"]
[Date "2023.01.03"]
[WhiteClock "0:00:09"]
[BlackClock "0:00:30"]

1. e4 c5 2. Nf3 d6 3. Bb5+ Nd7 4. O-O a6 5. Bd3 Ngf6 6. Re1 e6 7. c3 b5 8. Bc2 c4 9. d4 cxd3 10. Qxd3 Bb7 11. a4 Nc5 12. Qd1 Bxe4 13. axb5 axb5 14. Rxa8 Qxa8 15. Na3 Bxf3 16. gxf3 Qb8 17. b4 Ncd7 18. Qe2 d5 19. Qxb5 Qc7 20. Bg5 Be7 21. Bxf6 Bxf6 22. Ba4 Ke7 23. Qxd5 Nb6 24. Qc6 Qxc6 25. Bxc6 Bxc3 26. Rb1 Rc8 27. b5 Rd8 28. Nc2 Rd2 29. Ne3 Bd4 30. Re1 Kd6 31. Kf1 f5 32. Re2 Rd3 33. Nc2 Bc5 34. Ne1 Rd1 35. Kg2 Nc4 36. Nc2 g5 37. Be8 Ne5 38. h3 Nd3 39. Ne3 Ne1+ 40. Kf1 Bxe3 41. Rxe1 Rxe1+ 42. Kxe1 Bb6 43. Ke2 Ke5 44. Bd7 h5 45. Bc8 h4 46. Kf1 Kf6 47. Kg2 e5 48. Bb7 Ke7 49. Bc8 Kf6 50. Bb7 Ke6 51. Bc8+ Kf6 1/2-1/2


[Site "https://www.chess.com"]

[Event "Titled Tuesday Blitz January 03 Early 2023"]
[White "Pranav, V"]
[Black "Tan, Zhongyi"]
[WhiteFideId "25060783"]
[BlackFideId "8603642"]
[WhiteElo "2597"]
[BlackElo "2517"]
[Result "1-0"]
[Round "11"]
[TimeControl "180+2"]
[Date "2023.01.03"]
[WhiteClock "0:01:47"]
[BlackClock "0:00:55"]

1. Nf3 d5 2. g3 c5 3. Bg2 Nc6 4. O-O e5 5. d3 Nf6 6. Nbd2 Be7 7. e4 d4 8. Nc4 Nd7 9. a4 h5 10. h4 Qc7 11. Ng5 Nd8 12. f4 f6 13. Nh3 Nf7 14. f5 b6 15. Bf3 Nd6 16. Bxh5+ Kd8 17. Nxd6 Qxd6 18. Qg4 Bb7 19. Bf7 Bf8 20. b3 Kc7 21. Bd2 Nb8 22. a5 Nc6 23. axb6+ axb6 24. Rxa8 Bxa8 25. Ra1 Bb7 26. Nf2 Qe7 27. Bd5 Qd7 28. Nd1 Bd6 29. Nb2 b5 30. Nd1 Ra8 31. Rxa8 Bxa8 32. h5 Bf8 33. Nf2 Bb7 34. Qh4 Nb4 35. Bxb7 Kxb7 36. Bxb4 cxb4 37. h6 gxh6 38. Qxf6 Qe8 39. Ng4 Qh5 40. Qg6 Qxg6 41. fxg6 Bg7 42. Kg2 Kc6 43. Kh3 Kd6 44. Kh4 Ke6 45. Kh5 1-0


[Site "https://www.chess.com"]

[Event "Titled Tuesday Blitz January 03 Early 2023"]
[White "Ardelean, George-Catalin"]
[Black "Keymer, Vincent"]
[WhiteFideId "1207091"]
[BlackFideId "12940690"]
[WhiteElo "2470"]
[BlackElo "2700"]
[Result "0-1"]
[Round "11"]
[TimeControl "180+2"]
[Date "2023.01.03"]
[WhiteClock "0:00:04"]
[BlackClock "0:00:04"]

1. d4 Nf6 2. Bf4 e6 3. e3 c5 4. Nc3 cxd4 5. exd4 Bb4 6. Qf3 O-O 7. O-O-O Qa5 8. Nge2 d5 9. Kb1 Bd7 10. Be5 Be7 11. g4 Nc6 12. g5 Nxe5 13. dxe5 Ne4 14. Nxe4 dxe4 15. Qg3 Bc6 16. Nd4 Rad8 17. Be2 Ba4 18. Qf4 Rd5 19. Qxe4 Rxe5 20. Qxb7 Bxg5 21. Rhg1 Bf6 22. Bc4 Rh5 23. Qf3 Kh8 24. Nb3 Qe5 25. c3 Rxh2 26. Rh1 Rxh1 27. Rxh1 Rd8 28. Bd3 g6 29. Bc2 Kg7 30. Qh3 h5 31. Qg2 Qf4 32. Rg1 Bxb3 33. axb3 Rd2 34. Bxg6 fxg6 35. Qxg6+ Kf8 36. Qg8+ Ke7 37. Qh7+ Kd6 38. Qxa7 Qxf2 39. Qxf2 Rxf2 40. Rd1+ Kc6 41. Rh1 h4 0-1


[Site "https://www.chess.com"]

[Event "Titled Tuesday Blitz January 03 Early 2023"]
[White "Santos Ruiz, Miguel"]
[Black "Molina, Roberto Junio Brito"]
[WhiteFideId "22291482"]
[BlackFideId "2109450"]
[WhiteElo "2590"]
[BlackElo "2403"]
[Result "0-1"]
[Round "11"]
[TimeControl "180+2"]
[Date "2023.01.03"]
[WhiteClock "0:00:04"]
[BlackClock "0:00:19"]

1. Nf3 d5 2. e3 c6 3. c4 Nf6 4. Nc3 a6 5. b3 Bg4 6. h3 Bh5 7. g4 Bg6 8. Ne5 Nbd7 9. Nxg6 hxg6 10. Bg2 e6 11. g5 Ng8 12. f4 Bb4 13. Bb2 Ne7 14. a3 Ba5 15. b4 Bc7 16. Qc2 a5 17. Ne2 Nf5 18. Rc1 axb4 19. axb4 Bd6 20. c5 Bc7 21. Nd4 Nxd4 22. Bxd4 e5 23. Bb2 exf4 24. exf4 Bxf4 25. O-O Qxg5 26. Rce1+ Kf8 27. Qc3 Nf6 28. Qf3 Bxd2 29. Re5 Qh4 30. Re2 Bxb4 31. Kh1 Bxc5 32. Qb3 Qb4 33. Qg3 Bd6 34. Qf2 Qh4 35. Qxh4 Rxh4 36. Bxf6 gxf6 37. Rxf6 Ra1+ 38. Bf1 Rf4 39. Rxf4 Bxf4 40. Kg2 Bd6 41. Rb2 b5 42. h4 Ke7 43. h5 gxh5 44. Be2 h4 45. Bg4 Bg3 46. Re2+ Kd6 47. Bf5 Ra4 48. Bd3 Rd4 49. Bc2 b4 50. Kh3 c5 51. Bb3 c4 52. Bc2 b3 53. Bxb3 cxb3 54. Rb2 Rb4 55. Kg2 Kc5 56. Kh3 Kc4 0-1


[Site "https://www.chess.com"]

[Event "Titled Tuesday Blitz January 03 Early 2023"]
[White "Jones, Gawain C B"]
[Black "Mekhitarian, Krikor Sevag"]
[WhiteFideId "409561"]
[BlackFideId "2107660"]
[WhiteElo "2618"]
[BlackElo "2537"]
[Result "1-0"]
[Round "11"]
[TimeControl "180+2"]
[Date "2023.01.03"]
[WhiteClock "0:01:35"]
[BlackClock "0:00:27"]

1. d4 Nf6 2. Nf3 g6 3. Nbd2 d5 4. b3 Bg7 5. Bb2 O-O 6. e3 Nbd7 7. Be2 c5 8. O-O b6 9. dxc5 Nxc5 10. c4 Bb7 11. Rc1 Rc8 12. b4 Ncd7 13. Qb3 Rc7 14. Nd4 Qa8 15. Nb5 Rcc8 16. Bf3 a6 17. Na3 dxc4 18. Naxc4 Bxf3 19. Nxf3 Qb7 20. h3 Rc7 21. Nce5 Rfc8 22. Qxf7+ Kh8 23. Rxc7 Qxc7 24. Qe6 Nxe5 25. Nxe5 h6 26. Nxg6+ Kh7 1-0


[Site "https://www.chess.com"]

[Event "Titled Tuesday Blitz January 03 Early 2023"]
[White "Aradhya, Garg"]
[Black "Zierk, Steven"]
[WhiteFideId "25006746"]
[BlackFideId "2034255"]
[WhiteElo "2284"]
[BlackElo "2488"]
[Result "0-1"]
[Round "11"]
[TimeControl "180+2"]
[Date "2023.01.03"]
[WhiteClock "0:00:01"]
[BlackClock "0:00:09"]

1. d4 e6 2. c4 f5 3. Nf3 Nf6 4. Nc3 d5 5. Bf4 c6 6. e3 Bd6 7. Be5 O-O 8. Bd3 Ne4 9. O-O Be7 10. Qb3 Kh8 11. Rfc1 Nd7 12. Ne2 Nxe5 13. dxe5 g5 14. Qc2 Bd7 15. Rd1 Be8 16. Ng3 Bg6 17. Nd4 Qc8 18. cxd5 exd5 19. f3 Nxg3 20. hxg3 c5 21. Nb5 Qc6 22. f4 c4 23. Nd4 cxd3 24. Qxc6 bxc6 25. Nxc6 Bc5 26. Rxd3 Rfc8 27. Na5 Bb6 28. Nb3 Rc2 29. a4 Re2 30. Nd4 Rxb2 31. a5 Bc5 32. Ne6 Rb5 33. Nxg5 Bh5 34. Kh2 Be2 35. Rxd5 Be7 36. Rxb5 Bxb5 37. Ne6 Rc8 38. Nd4 Bd3 39. Ra2 Be4 40. Rb2 Kg8 41. a6 Rc3 42. Rb8+ Kf7 43. Rb7 Rxe3 44. Rxa7 Rd3 45. Nb5 Kf8 46. Rc7 Rd2 47. a7 Rxg2+ 48. Kh3 Ra2 49. Nd6 Bg2+ 50. Kh2 Bd5+ 51. Kg1 Bxd6 0-1


[Site "https://www.chess.com"]

[Event "Titled Tuesday Blitz January 03 Early 2023"]
[White "Krysa, Leandro"]
[Black "Sanal, Vahap"]
[WhiteFideId "116807"]
[BlackFideId "6300545"]
[WhiteElo "2541"]
[BlackElo "2600"]
[Result "0-1"]
[Round "11"]
[TimeControl "180+2"]
[Date "2023.01.03"]
[WhiteClock "0:00:01"]
[BlackClock "0:00:38"]

1. e4 e5 2. Nf3 Nc6 3. Nc3 Nf6 4. a4 d5 5. Bb5 Nxe4 6. Bxc6+ bxc6 7. Qe2 Nxc3 8. Qxe5+ Qe7 9. dxc3 Qxe5+ 10. Nxe5 c5 11. Be3 f6 12. Nd3 c4 13. Nf4 c6 14. h4 Kf7 15. O-O-O h5 16. Rhe1 Bf5 17. Ne2 Be7 18. Nd4 Bd7 19. Bf4 Rhe8 20. f3 Bf8 21. a5 a6 22. b4 cxb3 23. Nxb3 Rxe1 24. Rxe1 c5 25. Bc7 Rc8 26. Bb6 Bd6 27. Rd1 Be6 28. Nd2 c4 29. Nf1 Bf4+ 30. Ne3 Rb8 31. Kd2 Bg3 32. Ke2 Re8 33. Kf1 Bxh4 34. Nxd5 Bxd5 35. g3 Bxf3 36. Rd7+ Ke6 37. Rxg7 Bg5 38. Ra7 Kf5 39. Rxa6 Kg4 40. Bf2 Rd8 41. Re6 Rd1+ 42. Be1 Ra1 43. a6 h4 44. a7 hxg3 45. a8=Q Rxa8 46. Bxg3 Kxg3 0-1


[Site "https://www.chess.com"]

[Event "Titled Tuesday Blitz January 03 Early 2023"]
[White "Maksimovic, Bojan"]
[Black "Oliveira, Silvio Eduardo"]
[WhiteFideId "14408120"]
[BlackFideId "2111560"]
[WhiteElo "2486"]
[BlackElo "2297"]
[Result "1-0"]
[Round "11"]
[TimeControl "180+2"]
[Date "2023.01.03"]
[WhiteClock "0:00:05"]
[BlackClock "0:00:07"]

1. g3 Nf6 2. Bg2 e6 3. Nf3 d5 4. O-O Be7 5. c4 O-O 6. d4 dxc4 7. Qc2 a6 8. a4 Bd7 9. Qxc4 Bc6 10. Bg5 Nbd7 11. Nc3 a5 12. Rfd1 h6 13. Bxf6 Nxf6 14. Ne5 Bxg2 15. Kxg2 c6 16. e3 Bb4 17. Rac1 Qe7 18. Qe2 Rfd8 19. h4 g6 20. Qf3 h5 21. Nd3 Kg7 22. Ne4 Nxe4 23. Qxe4 Bd6 24. Qf3 Rd7 25. Rc3 Rad8 26. Rdc1 e5 27. dxe5 Bxe5 28. Nxe5 Qxe5 29. R1c2 Rd1 30. Rc5 Qd6 31. e4 Rd3 32. Qe2 Rd2 33. Rxd2 Qxd2 34. Qf3 Qxb2 35. e5 Rd5 36. Qf6+ Kg8 37. Rxd5 cxd5 38. Qd8+ Kg7 39. Qf6+ Kg8 40. Qd8+ Kg7 41. Qxd5 Qb4 42. e6 fxe6 43. Qxe6 Qxa4 44. Qe7+ Kg8 45. Qe6+ Kg7 46. Qe7+ Kg8 47. Qd8+ Kf7 48. Qc7+ Kf6 49. Qd6+ Kf7 50. Qc7+ Ke6 51. Qxb7 Qb4 52. Qc6+ Ke7 53. Qxg6 a4 54. Qg5+ Kd7 55. Qf5+ Kc7 56. Qh7+ Kb6 57. Qh6+ Ka7 58. Qxh5 a3 59. Qe2 Qb2 60. Qe3+ Ka8 61. Qe8+ Ka7 62. Qe3+ Ka6 63. Qe6+ Qb6 64. Qc4+ Qb5 65. Qa2 Qb2 66. Qe6+ Ka5 67. Qd5+ Ka4 68. Qc4+ Qb4 69. Qa6+ Kb3 70. Qd3+ Kb2 71. Qe2+ Kb3 72. Qd3+ Kb2 73. Qe2+ Ka1 74. Qd1+ Ka2 75. h5 Qb7+ 76. Kh3 Kb2 77. Qd4+ Kb1 78. Qd3+ Kb2 79. Qd2+ Kb3 80. Qd3+ Kb2 81. Qe2+ Kb3 82. Qd1+ Kc4 83. Qc2+ Kd4 84. Qa4+ Ke5 85. Qxa3 Qh1+ 86. Kg4 Qe4+ 87. f4+ Kf6 88. Qd6+ Kf7 89. Qg6+ 1-0


[Site "https://www.chess.com"]